 Dungeon Crawl Stone Soup version 0.20-a0-1073-g49e0d3e (webtiles) character file.

1024 Murumi the Covert (level 8, -15/60 HPs)
             Began as a Vampire Enchanter on Apr 29, 2017.
             Demolished by a troll (20 damage)
             ... on level 5 of the Dungeon.
             The game lasted 00:18:11 (5599 turns).

Murumi the Covert (Vampire Enchanter)               Turns: 5599, Time: 00:18:11

Health: -15/60     AC:  4    Str:  7    XL:     8   Next: 2%
Magic:  0/20       EV: 14    Int: 18    God:
Gold:   253        SH:  0    Dex: 18    Spells: 2/11 levels left

rFire    . . .     SeeInvis +   i - +0 dagger (elec)
rCold    + + .     Gourm    .   (no shield)
rNeg     + + +     Faith    .   b - +0 robe
rPois    ∞         Spirit   .   (no helmet)
rElec    .         Reflect  .   l - +1 cloak
rCorr    .         Harm     .   (no gloves)
MR       .....                  (no boots)
Stlth    +++++++...             (no amulet)
Regen    0.0/turn               h - +2 ring of dexterity
MPRegen  0.2/turn               v - ring of magical power

@: very slightly contaminated, bloodless, non-regenerating
A: fangs 3, see invisible, unbreathing
a: Bat Form


You were on level 5 of the Dungeon.
You were bloodless.

You visited 2 branches of the dungeon, and saw 6 of its levels.

You collected 253 gold pieces.

Inventory:

Hand Weapons
 a - a +1 dagger
 i - a +0 dagger of electrocution (weapon)
Armour
 b - a +0 robe (worn)
 l - a +1 cloak (worn)
 u - a +2 shield
Jewellery
 h - a +2 ring of dexterity (left hand)
 s - a +1 ring of evasion
 v - a ring of magical power (right hand)
Wands
 k - a wand of digging (17/24)
 m - a wand of paralysis (14/24)
 t - a wand of random effects (33/48)
Scrolls
 e - 3 scrolls of remove curse
 n - a scroll of enchant armour {unknown}
 p - a scroll of enchant weapon {unknown}
 r - a scroll of blinking {unknown}
Potions
 d - 20 potions of blood
 f - 2 potions of ambrosia
 g - 3 potions of lignification
 j - 3 potions of curing
 o - a potion of agility {unknown}
 q - a potion of resistance {unknown}
Books
 c - a book of Maledictions

   Spells                             Type                      Level
   a - Corona                         Hexes                        1
   b - Ensorcelled Hibernation        Hexes/Ice                    2
   c - Confuse                        Hexes                        3
   d - Tukima's Dance                 Hexes                        3
   e - Dazzling Spray                 Conjuration/Hexes            3


   Skills:
 - Level 4.2 Fighting
 - Level 3.2 Short Blades
 + Level 3.2 Dodging
 - Level 11.1 Stealth
 - Level 2.0 Spellcasting
 - Level 5.1 Hexes


You had 2 spell levels left.
You knew the following spells:

 Your Spells              Type           Power        Failure   Level  Hunger
a - Corona                Hex            ###....      2%          1    #......
b - Ensorcelled Hibernat  Hex/Ice        ##....       10%         2    ###....
c - Confuse               Hex            ###.....     6%          3    ###....
d - Tukima's Dance        Hex            ###.....     6%          3    ###....


Dungeon Overview and Level Annotations

Branches:
Dungeon (5/15)             Temple (1/1) D:5

Altars:
Cheibriados
Elyvilon
Fedhas
Gozag
Hepliaklqana
Makhleb
Okawaru
Ru
Sif Muna
Uskayaw
Vehumet
Wu Jian
Xom
Yredelemnul
Zin
The Shining One

Shops:
D:4 :


Innate Abilities, Weirdness & Mutations

You do not heal naturally.
You are immune to poison.
You have razor-sharp teeth.
You have supernaturally acute eyesight. (SInv)
You can survive without breathing.


Message History

The troll barely misses you. The troll claws you.
* * * LOW HITPOINT WARNING * * *
Casting: Confuse
Confirm with . or Enter, or press ? or * to list all spells.
Aiming: Confuse
Press: ? - help, Shift-Dir - straight line, f/p - troll
Aim: a troll (chance to defeat MR: 50%)
The troll resists with some effort.
The troll bites you.
* * * LOW HITPOINT WARNING * * *
The troll claws you.
* * * LOW HITPOINT WARNING * * *
The troll claws you.
* * * LOW HITPOINT WARNING * * *
Casting: Confuse
Confirm with . or Enter, or press ? or * to list all spells.
Aiming: Confuse
Press: ? - help, Shift-Dir - straight line, f/p - troll
Aim: a troll (chance to defeat MR: 50%)
The troll appears confused.
The troll bites you!!
You die...

#..# #.# #.# #..##
##.####.# #...#
+.......# #.#.#
#.#.....#
#.#.#######.#.....#
#.#..#.(.#..#.....#
#.##.##.##..+.....#
#. #..#'#..##.....#
#. ##..T@.###.....#
#. ####### #.....#
##.##.# #.##.#
#.##.# ##### ..##.#
#.... #####'###....
#....).......
#..........##


You could see a troll (confused).

Vanquished Creatures
  An ice beast (D:5)
  A phantom (D:5)
  2 ogres (D:4)
  2 scorpions (D:5)
  A howler monkey (D:5)
  A bullfrog zombie (D:5)
  A jelly (D:3)
  4 orc priests
  A bullfrog skeleton (D:5)
  2 hounds (D:5)
  3 orc wizards (D:4)
  A centaur skeleton (D:5)
  A worker ant (D:4)
  6 adders
  An adder skeleton (D:4)
  A worm (D:2)
  A dart slug (D:3)
  12 orcs
  2 ball pythons
  4 giant cockroaches
  4 goblins
  11 hobgoblins
  10 jackals
  2 quokkas
  7 bats
  5 frilled lizards
  6 kobolds
  8 rats
101 creatures vanquished.

Notes
Turn   | Place    | Note
-------+----------+-------------------------------------------
     0 | D:1      | Murumi the Vampire Enchanter began the quest for the Orb.
     0 | D:1      | Reached XP level 1. HP: 13/13 MP: 3/3
   435 | D:1      | Reached skill level 5 in Stealth
   835 | D:1      | Reached XP level 2. HP: 20/20 MP: 5/5
   843 | D:1      | Learned a level 2 spell: Ensorcelled Hibernation
   886 | D:1      | Reached skill level 1 in Fighting
  1648 | D:1      | Reached skill level 6 in Stealth
  1808 | D:1      | Reached XP level 3. HP: 19/26 MP: 3/6
  1814 | D:1      | Learned a level 3 spell: Confuse
  2011 | D:2      | Found a radiant altar of Vehumet.
  3068 | D:3      | Reached skill level 7 in Stealth
  3080 | D:3      | Reached XP level 4. HP: 32/32 MP: 4/7
  3338 | D:3      | Reached XP level 5. HP: 37/37 MP: 5/8
  3476 | D:3      | Reached skill level 8 in Stealth
  4081 | D:4      | Found Jym Unuo's Book Shoppe.
  4152 | D:4      | Reached skill level 9 in Stealth
  4188 | D:4      | Noticed an ogre
  4194 | D:4      | Killed an ogre
  4194 | D:4      | Reached XP level 6. HP: 41/43 MP: 9/9
  4231 | D:4      | Reached skill level 10 in Stealth
  4493 | D:4      | Reached skill level 11 in Stealth
  4501 | D:4      | Reached skill level 5 in Hexes
  4501 | D:4      | Reached XP level 7. HP: 38/48 MP: 2/10
  4722 | D:5      | Entered Level 5 of the Dungeon
  4939 | D:5      | Learned a level 3 spell: Tukima's Dance
  5152 | D:5      | Found a staircase to the Ecumenical Temple.
  5159 | Temple   | Entered the Ecumenical Temple
  5577 | D:5      | Noticed a troll
  5584 | D:5      | Reached XP level 8. HP: 56/60 MP: 11/11
  5599 | D:5      | Demolished by a troll

Vault maps used:
D:1:      tarquinn_simple_flora_water_e
D:2:      lemuel_crystal_altar, first_bread, corexii_corridor_pit
D:3:      kennysheep_generic_room_14
D:4:      serial_shops, kennysheep_little_box, minivault_25
D:5:      minmay_temple_entry_statues, minmay_divided_ellipse
Temple:   regret_index_temple_generic_petals

Skill      XL: |  1  2  3  4  5  6  7 |
---------------+----------------------+-----
Stealth        | 5 6 7 9 11 | 11.1
Fighting       | 1 4 |  4.2
Short Blades   | 2 3 |  3.2
Hexes          | 5 |  5.1
Dodging        | 3 |  3.2
Spellcasting   | |  2.0

Action                   |  1- 3 |  4- 6 |  7- 9 || total
-------------------------+-------+-------+-------++-------
Melee: Dagger            |    96 |    42 |    44 ||   182
       Bite              |     7 |     1 |     4 ||    12
 Cast: Corona            |     8 |       |       ||     8
       Ensorcelled Hiber |    31 |    26 |     7 ||    64
       Confuse           |       |     1 |     5 ||     6
  Use: Scroll            |     3 |     2 |       ||     5
 Stab: Sleeping          |    36 |    22 |    20 ||    78
       Confused          |       |     1 |     1 ||     2
  Eat: Corpse            |     1 |       |       ||     1
Armor: Robe              |    24 |     8 |     4 ||    36
Dodge: Dodged            |    56 |    16 |    19 ||    91
